 Dungeon Crawl Stone Soup version 0.26.0-10-g1f06aea511 (webtiles) character file.

Game seed: 13486253962622430165

95 inc the Ducker (level 4, -1/22 HPs)
             Began as a Felid Monk on Jan 30, 2021.
             Slain by Grinder (5 damage)
             ... on level 4 of the Dungeon.
             The game lasted 00:02:43 (3623 turns).

inc the Ducker (Felid Monk)                         Turns: 3623, Time: 00:02:44

Health: -1/22      AC:  5    Str:  7    XL:     4   Next: 40%
Magic:  5/5        EV: 22    Int: 11    God:
Gold:   193        SH:  0    Dex: 19    Spells: 3/3 levels left
                                        Lives:  0   Deaths: 1

rFire    . . .     SeeInvis +     - Unarmed
rCold    . . .     Faith    .   (shield unavailable)
rNeg     . . .     Spirit   .   (armour unavailable)
rPois    .         Reflect  .   (helmet unavailable)
rElec    .         Harm     .   (cloak unavailable)
rCorr    .         Rampage  .   (gloves unavailable)
Will     .....                  (boots unavailable)
Stlth    +++.......             (no amulet)
HPRegen  0.07/turn              i - +4 ring of protection
MPRegen  0.09/turn              (no ring)

@: quick
A: very small, no armour, no weapons or thrown items, stealth, claws 1, fangs 3,
see invisible, speed 1, shaggy fur 1, sharp paws
a: no special abilities


You were on level 4 of the Dungeon.
You visited 1 branch of the dungeon, and saw 4 of its levels.

You collected 193 gold pieces.

Inventory:

Jewellery
 i - a +4 ring of protection (left paw)
Scrolls
 d - 2 scrolls of teleportation
 e - a scroll of random uselessness {unknown}
 f - a scroll of identify
 g - 2 scrolls of remove curse {unknown}
 l - a scroll of fog {unknown}
 m - a scroll of magic mapping {unknown}
 p - a scroll of enchant weapon {unknown}
 q - a scroll of blinking {unknown}
Potions
 a - 2 potions of lignification {unknown}
 b - 2 potions of cancellation
 c - 2 potions of ambrosia
 h - a potion of might {unknown}
 j - a potion of resistance {unknown}
 k - 2 potions of degeneration {unknown}
 n - a potion of heal wounds {unknown}
 o - a potion of invisibility {unknown}
 r - a potion of magic {unknown}


   Skills:
 + Level 4.1 Fighting
 + Level 5.6 Dodging
 - Level 2.6 Stealth
 + Level 4.2 Unarmed Combat


You had 3 spell levels left.
You didn't know any spells.
Your spell library was empty.

Dungeon Overview and Level Annotations

Branches:
Dungeon (4/15)
 Temple: D:4-7

Altars:
Yredelemnul

Annotations:
D:4 Grinder


Innate Abilities, Weirdness & Mutations

You cannot wear armour.
You are incapable of wielding weapons or throwing items.
Your paws allow you to move quietly. (Stealth)
You have sharp claws.
You have razor-sharp teeth.
You have supernaturally acute eyesight. (SInv)
You cover ground quickly.
You are covered in fur. (AC +1)
Your sharp claws are effective at attacking unaware monsters.


Message History

Grinder barely misses you.
You scratch Grinder.
Grinder is heavily wounded.
Grinder gestures at you. Pain shoots through your body!
You scratch Grinder but do no damage.
Grinder is heavily wounded.
Grinder says, "Wait up."
Grinder barely misses you.
You scratch Grinder.
Grinder is heavily wounded.
You barely miss Grinder.
Grinder is heavily wounded.
Grinder hits you.
You writhe in agony.
You scratch Grinder.
Grinder is severely wounded.
Grinder hits you!
* * * LOW HITPOINT WARNING * * *
You writhe in agony.
You die...

#. #. ###. ##
... #. ..##.
.# ...
...####5#
#....#@#
#.....#
#.....##
##.....####
....(...#...#
......#.###.#
########.###.#
..######.....#
...........###


You could see Grinder.

Vanquished Creatures
  A worker ant (D:4)
  3 gnolls (D:2)
  2 adders (D:3)
  4 worms
  A dart slug (D:1)
  A leopard gecko (D:1)
  3 orcs (D:4)
  2 ball pythons
  9 goblins
  6 hobgoblins
  2 jackals (D:1)
  3 quokkas (D:3)
  7 bats
  4 frilled lizards
  3 kobolds
  29 rats
  A spectral orc (D:2)
81 creatures vanquished.

Vanquished Creatures (others)
  2 plants (D:3)
2 creatures vanquished.

Grand Total: 83 creatures vanquished

Notes
Turn   | Place    | Note
-------+----------+-------------------------------------------
     0 | D:1      | inc the Felid Monk began the quest for the Orb.
     0 | D:1      | Reached XP level 1. HP: 10/10 MP: 2/2
   144 | D:1      | Reached XP level 2. HP: 10/14 MP: 3/3
  1262 | D:2      | Reached XP level 3. HP: 13/17 MP: 4/4
  1979 | D:2      | Reached skill level 5 in Dodging
  1979 | D:2      | Reached XP level 4. HP: 22/22 MP: 5/5
  1992 | D:2      | Found a basalt altar of Yredelemnul.
  3292 | D:4      | Killed from afar by an orc priest
  3293 | D:4      | Reached XP level 3. HP: -5/18 MP: 4/4
  3365 | D:4      | Reached XP level 4. HP: 8/22 MP: 5/5
  3609 | D:4      | Noticed Grinder
  3623 | D:4      | Slain by Grinder

Illustrated notes

Levels and vault maps discovered:
D:1:      saegor_arrival_simple_d, layout_basic, serial_curves, eino_curves_01,
          eino_curves_02
D:2:      layout_rooms, yredelemnul_forgotten_temple_becter, minmay_pentomino_u2
D:3:      layout_basic, serial_bayou, serial_bayou_shore_a,
          serial_bayou_crossing, serial_bayou_pond_e, serial_bayou_pond_e,
          minmay_rat_hole
D:4:      layout_layer_cave, minmay_temple_entry_fiery, uniq_grinder

Skill      XL: |  1  2  3  4 |
---------------+-------------+-----
Dodging        | 5 |  5.6
Unarmed Combat | 4 |  4.2
Fighting       | 4 |  4.1
Stealth        | |  2.6

Action                   |  1- 3 |  4- 6 || total
-------------------------+-------+-------++-------
Melee: Unarmed           |   123 |   102 ||   225
       Bite              |    12 |     6 ||    18
       Punch             |       |     2 ||     2
  Use: Scroll            |       |     3 ||     3
 Stab: Sleeping          |    13 |     7 ||    20
       Distracted        |       |     1 ||     1
Armor: Skin              |    12 |     5 ||    17
Dodge: Dodged            |    96 |    77 ||   173
